cohdb
Replays
Latest Replays
All Replays
Popular Replays
Top Player Replays
Match Explorer
How It Works
Community
CoH3 Stats
Reddit
Sign in to upload your games and track your stats! →
Sign in with Steam
Match 46635050
Unlisted
Match 46635050
Overview
Messages
Build Orders
End
Construct Infanterie Kompanie
MG 42 Machine Gun Team
Grenadier Squad
Grenadier Squad
Grenadier Squad
Construct Panzergrenadier Kompanie
Medical Station
251 Medium Carrier
Pak 40 Anti-tank Gun Team
Construct Panzer Kompanie
Selects Terror Battlegroup
Selects Terror Battlegroup
Selects Machine Gun Camouflage
Selects Interrogate
Selects Propaganda Leaflet Drop
Stoßtruppen Squad
Propaganda Leaflet Drop
Stoßtruppen Squad
Panzer IV Medium Tank
Pioneer Squad
Propaganda Leaflet Drop
The101stAirBorne ITA
Oziligath
豪师傅
⚓️Ruby⚓
0
0
Comments
sign in to comment!
No comments posted yet!